 Seeded DCSS version 0.27-a0-1123-g2f9bb31 (webtiles) character file.

Game seed: 2605629384795920764 (custom seed)

45413 Illumine the Thaumaturge (level 14, -3/108 (110) HPs)
             Began as a Barachi Air Elementalist on May 2, 2021.
             Was a High Priest of Vehumet.
             Slain by a white ugly thing (21 damage)
             ... on level 12 of the Dungeon on May 3, 2021.
             The game lasted 01:10:50 (28965 turns).

Illumine the Thaumaturge (BaAE)                    Turns: 28965, Time: 01:10:51

HP:   -3/108 (110)  AC: 11    Str: 10    XL:     14   Next: 33%
MP:   23/38         EV: 17    Int: 20    God:    Vehumet [*****.]
Gold: 1448          SH:  0    Dex: 13    Spells: 14/36 levels left

rFire    . . .     SeeInvis .   m - staff of air
rCold    . . .     Faith    .   (no shield)
rNeg     + . .     Spirit   .   C - +2 ring mail {rN+}
rPois    .         Reflect  .   (no helmet)
rElec    +         Harm     .   (no cloak)
rCorr    .         Rampage  .   u - +0 pair of gloves
Will     +....                  n - +1 pair of boots {Stlth+}
Stlth    ++........             (no amulet)
HPRegen  0.28/turn              l - ring of magical power
MPRegen  0.26/turn              Z - +4 ring of evasion

@: lightly drained, slow
A: amphibious, slowness 1, strong legs 2, +LOS
a: Hop, Renounce Religion


You were on level 12 of the Dungeon.
You worshipped Vehumet.
Vehumet was extremely pleased with you.
You visited 4 branches of the dungeon, and saw 20 of its levels.
You also visited: Volcano.

You collected 1448 gold pieces.

Inventory:

Hand Weapons
 a - a +5 scimitar of flaming
 f - a +0 hand axe of holy wrath
 x - the +1 whip of the Lesser Evil {pain, Dex+4}
   (You found it on level 4 of the Dungeon)

   In the hands of one skilled in necromantic magic, it inflicts extra damage on
   living creatures.
   It affects your dexterity (+4).
Missiles
 c - 92 poisoned darts (quivered)
 B - 14 curare-tipped darts
 G - 12 boomerangs of dispersal
 P - a throwing net
Armour
 e - a +1 robe of willpower
 n - a +1 pair of boots of stealth (worn)
 u - a +0 pair of gloves (worn)
 C - a +2 ring mail of positive energy (worn)
 E - a +4 chain mail of positive energy
 N - a +3 plate armour of fire resistance
 V - a +2 leather armour of fire resistance
Magical Staves
 m - a staff of air (weapon)
 K - a staff of cold
Jewellery
 l - a ring of magical power (left hand)
 w - a +4 ring of evasion
 z - a ring of magical power
 J - a ring of protection from fire
 R - a ring of resist corrosion
 Z - a +4 ring of evasion (right hand)
Wands
 y - a wand of charming (8)
 D - a wand of polymorph (11)
 F - a wand of acid (2)
 I - a wand of flame (40)
 M - a wand of iceblast (8)
 S - a wand of mindburst (11)
Scrolls
 d - 2 scrolls of enchant armour
 g - 5 scrolls of noise
 j - a scroll of blinking
 o - 3 scrolls of fear
 r - 8 scrolls of teleportation
 v - 2 scrolls of immolation
 H - a scroll of amnesia
 O - a scroll of identify
 Q - 2 scrolls of enchant weapon
 W - a scroll of vulnerability
Potions
 b - a potion of heal wounds
 h - 3 potions of flight
 i - 4 potions of lignification
 k - 2 potions of brilliance
 p - 4 potions of attraction
 q - 6 potions of resistance
 s - 4 potions of curing
 t - 4 potions of haste
 A - 3 potions of might
 L - a potion of berserk rage
 Y - a potion of mutation
Miscellaneous
 T - a phial of floods
 U - a tin of tremorstones (2/2)


   Skills:
 + Level 10.2 Fighting
 + Level 8.7 Staves
 - Level 5.5 Armour
 + Level 9.6 Dodging
 - Level 1.7 Stealth
 * Level 11.5 Spellcasting
 + Level 10.8 Conjurations
 - Level 2.5 Translocations
 + Level 3.0 Ice Magic
 + Level 10.0 Air Magic
 + Level 9.2 Evocations


You had 14 spell levels left.
You knew the following spells:

 Your Spells              Type           Power      Damage    Failure   Level
a - Apportation           Tloc           42%        N/A       4%          1
b - Static Discharge      Conj/Air       68%        N/A       1%          2
c - Swiftness             Air            67%        N/A       1%          3
d - Airstrike             Air            33%        N/A       1%          4
e - Lightning Bolt        Conj/Air       34%        1d51      1%          5
f - Ozocubu's Refrigerat  Ice            11%        4d7       100%        7

Your spell library contained the following spells:

 Spells                   Type           Power      Damage    Failure   Level
 Shock                    Conj/Air       100%       1d9       1%          1
 Poisonous Vapours        Pois/Air       94%        N/A       1%          2
 Dazzling Flash           Conj/Hex       66%        N/A       1%          3
 Mephitic Cloud           Conj/Pois/Air  56%        N/A       1%          3
 Stone Arrow              Conj/Erth      66%        3d11      1%          3
 Sandblast                Erth           22%        2d7       4%          1
 Ignite Poison            Fire/Tmut/Pois 11%        N/A       11%         3
 Ensorcelled Hibernation  Hex/Ice        34%        N/A       12%         2
 Corona                   Hex            12%        N/A       14%         1
 Sting                    Tmut/Pois      44%        1d5       14%         1
 Gell's Gravitas          Tloc           10%        N/A       16%         3
 Lesser Beckoning         Tloc           10%        N/A       16%         3
 Passwall                 Tmut/Erth      9%         N/A       22%         2
 Olgreb's Toxic Radiance  Pois           11%        N/A       32%         4
 Confusing Touch          Hex            11%        N/A       38%         3
 Tukima's Dance           Hex            11%        N/A       38%         3
 Lee's Rapid Deconstruct  Erth           5%         3d7*      65%         5
 Yara's Violent Unravell  Hex/Tmut       5%         3d4       65%         5
 Petrify                  Tmut/Erth      11%        N/A       80%         4
 Metabolic Englaciation   Hex/Ice        8%         N/A       91%         5
 Alistair's Intoxication  Tmut/Pois      7%         N/A       98%         5
 Invisibility             Hex            11%        N/A       100%        6


Dungeon Overview and Level Annotations

Branches:
Dungeon (12/15)            Temple (1/1) D:5            Lair (5/6) D:10
 Spider (0/4) Lair:3        Slime (0/5) Lair:5          Orc (2/2) D:11
    Elf (0/3) Orc:2       Volcano (visited)
  Swamp: Lair:2-4    Shoals: Lair:2-4

Altars:
Ashenzari
Cheibriados
Dithmenos
Fedhas
Hepliaklqana
Kikubaaqudgha
Qazlal
Ru
Sif Muna
Trog
Uskayaw
Vehumet
Wu Jian
Xom
Yredelemnul
Beogh

Shops:
D:1 !

Annotations:
D:10 1 runed translucent door, crawdad's ghost, novice DrDe
Lair:5 Nessos
Orc:2 Saint Roka


Innate Abilities, Weirdness & Mutations

You are amphibious.
You cover ground slowly.
You can hop long distances.
You have an extended range of vision and can be seen from far away.


Message History

The white ugly thing is lightly wounded.
Unknown command.
Casting: Airstrike (mildly dangerous; 1% risk of failure)
Confirm with . or Enter, or press ? or * to list all spells.
Aiming: Airstrike (mildly dangerous; 1% risk of failure)
Press: ? - help, Dir - move target, f/p - white ugly thing
Aim: a white ugly thing (lightly wounded)
You feel a surge of power!
The air twists around and strikes the white ugly thing!
The white ugly thing is moderately wounded.
Unknown command.
The white ugly thing closely misses you.
The white ugly thing tentacle-slaps you!
The white ugly thing freezes you!!
The white ugly thing tentacle-slaps you but does no damage.
There is a stone staircase leading up here.
Casting: Airstrike (mildly dangerous; 1% risk of failure)
Confirm with . or Enter, or press ? or * to list all spells.
Aiming: Lightning Bolt (dangerous; 1% risk of failure)
Press: ? - help, Shift-Dir - straight line, p - white ugly thing You feel a surge of power!
You hear a mighty clap of thunder!
The bolt of lightning misses the white ugly thing.
You hear a roar!
You hear an angry buzzing noise. x2; You hear a shout!
The white ugly thing tentacle-slaps you!
The white ugly thing freezes you!!
* * * LOW HITPOINT WARNING * * *
Unknown command.
Casting: Lightning Bolt (dangerous; 1% risk of failure)
Confirm with . or Enter, or press ? or * to list all spells.
Aiming: Lightning Bolt (dangerous; 1% risk of failure)
Press: ? - help, Shift-Dir - straight line You feel a surge of power!
You hear a mighty clap of thunder!
The bolt of lightning hits the white ugly thing!
The white ugly thing is heavily wounded.
The white ugly thing tentacle-slaps you!
* * * LOW HITPOINT WARNING * * *
The white ugly thing freezes you!!
You die...

..............######...#
......................#
#...................#
#.................[.#
#...................#
#.....#'####.######.#
#.....#....#.# #
#.....#....#u#
###+#.....#....#@#
..........#....#.#
#####+#...#....#.#
#...#....#.#
#...#....#.#
#...#....#..
#######...##+###..
....<.............
..................


You could see a white ugly thing.

Vanquished Creatures
  An ettin (Orc:2)
  Harold (D:7)
  A hydra (Lair:3)
  Erica (D:9)
  4 death yaks
  2 two-headed ogres
  An orc high priest (Orc:2)
  Nergalle (Orc:2)
  2 skeletal warriors (Volcano)
  6 orc knights
  An anaconda skeleton (Volcano)
  7 orc sorcerers
  An oklob plant (Lair:4)
  A manticore (D:11)
  5 black mambas
  4 gargoyles
  Psyche (D:8)
  8 cane toads
  An unseen horror (D:11)
  9 komodo dragons
  2 rime drakes (Lair:3)
  4 kobold demonologists
  A jumping spider (Lair:3)
  3 trolls
  3 polar bears
  A hornet (D:8)
  Prince Ribbit (D:5)
  9 blink frogs
  Grinder (D:5)
  A harpy skeleton (Volcano)
  Sigmund (D:3)
  A flying skull (Volcano)
  2 shadows
  7 wyverns
  4 redbacks (Lair:3)
  29 yaks
  2 wraiths (D:11)
  Eustachio (D:5)
  3 basilisks
  A steam dragon (D:7)
  2 wargs
  4 water moccasins
  Duvessa (D:6)
  3 black bears
  21 orc warriors
  2 ice beasts
  A sky beast (D:6)
  7 ogres
  A necrophage (D:7)
  5 centaurs
  A phantom (D:4)
  Blork the orc (Orc:2)
  3 kobold brigands
  2 gnoll sergeants
  10 bullfrogs
  A scorpion (D:6)
  Dowan (D:6)
  A water moccasin skeleton (D:6)
  A troll zombie (D:11)
  9 killer bees
  8 wights
  2 electric eels (Lair:2)
  4 howler monkeys
  2 troll skeletons (Volcano)
  A bullfrog zombie (D:5)
  4 centaur zombies
  A hound (D:6)
  A gnoll shaman (D:7)
  17 orc priests
  2 iguanas
  15 orc wizards
  2 scorpion zombies (D:5)
  A killer bee zombie (D:7)
  7 ogre zombies (D:11)
  A hound skeleton (D:3)
  16 gnolls
  6 adders
  A shadow imp (D:5)
  A white imp (D:6)
  2 adder skeletons
  3 worms
  A dart slug (D:3)
  52 orcs
  10 endoplasms
  2 giant cockroaches
  13 goblins
  5 hobgoblins
  8 jackals
  33 kobolds
  A quokka (D:1)
  12 ball pythons
  6 bats
  3 frilled lizards
  2 hobgoblin zombies (D:11)
  An orc skeleton (D:11)
  22 orc zombies (D:11)
  7 rats
487 creatures vanquished.

Vanquished Creatures (others)
  2 flying skulls (Volcano)
  A naga skeleton (Volcano)
  An orc (Orc:1)
  20 fungi
  81 plants
  2 withered plants (D:10)
107 creatures vanquished.

Grand Total: 594 creatures vanquished

Notes
Turn   | Place    | Note
-------+----------+-------------------------------------------
     0 | D:1      | Illumine the Barachi Air Elementalist began the quest for
                  | the Orb.
     0 | D:1      | Reached XP level 1. HP: 13/13 MP: 3/3
   142 | D:1      | Found Juggugetz's Distillery.
   646 | D:1      | Reached XP level 2. HP: 19/19 MP: 2/5
   715 | D:1      | Learned a level 2 spell: Static Discharge
  1595 | D:2      | Reached XP level 3. HP: 24/24 MP: 0/7
  1664 | D:2      | Learned a level 3 spell: Swiftness
  1856 | D:2      | Found a stormy altar of Qazlal.
  2528 | D:2      | Reached skill level 3 in Spellcasting
  2673 | D:2      | Found a faded altar of an unknown god.
  3076 | D:2      | Reached XP level 4. HP: 27/30 MP: 8/8
  3459 | D:3      | Reached skill level 1 in Staves
  3608 | D:3      | Reached skill level 1 in Fighting
  3678 | D:3      | Reached XP level 5. HP: 31/37 MP: 9/9
  4360 | D:3      | Noticed Sigmund
  4454 | D:4      | Reached XP level 6. HP: 27/44 MP: 11/11
  4575 | D:4      | Learned a level 4 spell: Airstrike
  4736 | D:4      | Noticed an ice beast
  4747 | D:4      | Killed an ice beast
  4903 | D:4      | Reached XP level 7. HP: 51/51 MP: 12/12
  4923 | D:4      | Identified the +1 whip of the Lesser Evil {pain, Dex+4}
  5253 | D:4      | Reached skill level 4 in Spellcasting
  5253 | D:4      | Reached skill level 1 in Evocations
  5448 | D:4      | Found a snail-covered altar of Cheibriados.
  5593 | D:4      | Reached skill level 5 in Air Magic
  5794 | D:5      | Entered Level 5 of the Dungeon
  5958 | D:5      | Reached XP level 8. HP: 57/58 MP: 13/14
  6020 | D:5      | Found a staircase to the Ecumenical Temple.
  6036 | Temple   | Entered the Ecumenical Temple
  6098 | Temple   | Became a worshipper of Vehumet
  6227 | D:5      | Found a basalt altar of Yredelemnul.
  6523 | D:5      | Noticed Grinder
  6636 | D:3      | Killed Sigmund
  6952 | D:6      | Learned a level 5 spell: Lightning Bolt
  6987 | D:6      | Noticed Duvessa
  6987 | D:6      | Noticed Dowan
  7010 | D:6      | Killed Duvessa
  7014 | D:6      | Killed Dowan
  7015 | D:6      | Reached skill level 1 in Armour
  7015 | D:6      | Reached skill level 5 in Spellcasting
  7510 | D:6      | Reached skill level 5 in Conjurations
  7510 | D:6      | Reached XP level 9. HP: 61/66 MP: 13/16
  8115 | D:7      | Reached skill level 5 in Dodging
  8411 | D:7      | Reached * piety under Vehumet
  8411 | D:7      | Offered knowledge of Foxfire by Vehumet.
  8520 | D:7      | Noticed Harold
  9126 | D:5      | Noticed Eustachio
  9128 | D:5      | Reached skill level 5 in Fighting
  9142 | D:5      | Killed Eustachio
  9346 | D:5      | Offered knowledge of Searing Ray by Vehumet.
  9603 | D:7      | Reached ** piety under Vehumet
 10060 | D:8      | Reached skill level 5 in Staves
 10332 | D:8      | Noticed a hornet
 10358 | D:8      | Killed a hornet
 10631 | D:8      | Reached XP level 10. HP: 74/74 MP: 18/18
 10858 | D:8      | Reached skill level 6 in Spellcasting
 10928 | D:8      | Reached skill level 5 in Evocations
 11295 | D:8      | Noticed Psyche
 11438 | D:8      | Killed Psyche
 12088 | D:9      | Noticed Erica
 12095 | D:9      | Killed Erica
 12096 | D:9      | Reached skill level 7 in Spellcasting
 12658 | D:10     | Entered Level 10 of the Dungeon
 12933 | D:10     | Found a runed translucent door.
 12933 | D:10     | Noticed crawdad's ghost (novice DrDe)
 12997 | D:10     | Reached XP level 11. HP: 83/83 MP: 22/22
 13116 | D:10     | Offered knowledge of Inner Flame by Vehumet.
 13897 | D:10     | Reached skill level 8 in Spellcasting
 14294 | D:10     | Found a staircase to the Lair.
 14770 | D:7      | Killed Harold
 15103 | D:5      | Reached *** piety under Vehumet
 15124 | D:5      | Noticed Prince Ribbit
 15132 | D:5      | Killed Prince Ribbit
 15150 | D:5      | Killed Grinder
 15657 | Lair:1   | Entered Level 1 of the Lair of Beasts
 15663 | Lair:1   | Reached skill level 5 in Armour
 16560 | Lair:1   | You fall into a shaft and drop 1 floor!
 16889 | Lair:2   | Reached XP level 12. HP: 92/92 MP: 24/24
 16948 | Lair:2   | Noticed a death yak
 17695 | Lair:3   | Offered knowledge of Iskenderun's Mystic Blast by Vehumet.
 17743 | Lair:3   | Reached skill level 9 in Spellcasting
 17982 | Lair:3   | Noticed an eight-headed hydra
 18160 | Lair:3   | Killed an eight-headed hydra
 18291 | Lair:2   | Noticed a death yak
 18293 | Lair:2   | Noticed a death yak
 18514 | Lair:3   | Found a hole to the Spider Nest.
 19375 | Lair:4   | Noticed a death yak
 19504 | Lair:4   | Identified a scroll of acquirement
 19504 | Lair:4   | Acquired a +1 pair of boots of stealth
 19674 | Lair:4   | Noticed a death yak
 19686 | Lair:4   | Noticed a death yak
 19689 | Lair:4   | Killed a death yak
 19701 | Lair:4   | Killed a death yak
 19702 | Lair:4   | Found a dark tunnel.
 19708 | Lair:4   | Killed a death yak
 19708 | Lair:4   | Reached **** piety under Vehumet
 19711 | Volcano  | Entered a volcano
 19743 | Volcano  | Reached skill level 10 in Spellcasting
 19897 | Volcano  | Gained mutation: You can hop long distances. [Barachi
                  | growth]
 19897 | Volcano  | Reached XP level 13. HP: 64/101 MP: 15/27
 19898 | Volcano  | Offered knowledge of Fulminant Prism by Vehumet.
 19899 | Volcano  | Reached skill level 10 in Conjurations
 21331 | Lair:5   | Found a staircase to the Slime Pits.
 22222 | Lair:5   | Noticed Nessos
 22242 | Lair:4   | HP: 5/101 [poisoned by Nessos]
 23965 | D:11     | Learned a level 1 spell: Apportation
 24250 | D:11     | Reached ***** piety under Vehumet
 24250 | D:11     | Offered knowledge of Ozocubu's Refrigeration by Vehumet.
 24263 | D:11     | Learned a level 7 spell: Ozocubu's Refrigeration
 24288 | D:11     | Found a staircase to the Orcish Mines.
 24826 | Orc:1    | Entered Level 1 of the Orcish Mines
 24866 | D:11     | Reached skill level 11 in Spellcasting
 25204 | D:11     | Reached skill level 1 in Translocations
 25815 | D:11     | Reached skill level 1 in Ice Magic
 26595 | Orc:2    | Entered Level 2 of the Orcish Mines
 27049 | Orc:2    | Reached XP level 14. HP: 80/109 MP: 6/29
 27087 | Orc:2    | Reached skill level 10 in Fighting
 27238 | Orc:2    | Found a staircase to the Elven Halls.
 27242 | Orc:2    | Upgraded the game from 0.27-a0-1122-g2a214b4 to
                  | 0.27-a0-1123-g2f9bb31
 28276 | Orc:2    | Noticed Blork the orc
 28279 | Orc:2    | Killed Blork the orc
 28365 | Orc:2    | Reached skill level 10 in Air Magic
 28592 | Orc:2    | Noticed Nergalle
 28619 | Orc:2    | Killed Nergalle
 28797 | Orc:2    | Noticed Saint Roka
 28965 | D:12     | Slain by a white ugly thing

Illustrated notes

Levels and vault maps discovered:
D:1:      dpeg_arrival_shrine, layout_basic, serial_shops, shop,
          due_unseen_surprise
D:2:      layout_loops_cross, chequers_ecumenical_altar_simple, basic_altar
D:3:      kennysheep_six_static_rooms, layout_basic, uniq_sigmund
D:4:      minmay_chambers_of_twos, layout_basic, cheibriados_altar_1
D:5:      kennysheep_kobold_camp, layout_basic, lemuel_zombie_altar_yredelemnul,
          minmay_temple_entry_mist, uniq_grinder, uniq_eustachio,
          uniq_prince_ribbit1
D:6:      layout_gridville, uniq_duvessa
D:7:      layout_cave_pools, uniq_harold
D:8:      layout_loops_cross, uniq_psyche
D:9:      layout_irregular_city, nicolae_overflow_hidden_temple, uniq_erica
D:10:     layout_basic, david_lair_shrubbed, gammafunk_ghost_grave
D:11:     layout_gridville, zombieorc2_lemuel, eino_jars
D:12:     layout_irregular_city, uniq_urug, uniq_frances
Temple:   regret_index_temple_waves
Lair:1:   layout_chaotic_city, chequers_serial_rivers_micro_c, st_stairs_13
Lair:2:   layout_chaotic_city, minmay_shoals_entry_hut,
          chequers_serial_rivers_room_b, grunt_forest_small_clearings,
          minmay_lair_oklob_items, grunt_megastairs_3
Lair:3:   layout_regular_city, nicolae_spider_entry_tight_spaces,
          grunt_megastairs_2
Lair:4:   layout_long_grid, enter_volcano_1
Lair:5:   layout_small_grid, slime_altar_1, beast_lair_carwin_9, uniq_nessos,
          uniq_josephine
Orc:1:    layout_diamond_mine
Orc:2:    grunt_orc_cross, layout_diamond_mine

Skill      XL: |  1  2  3  4  5  6  7  8  9 10 11 12 13 14 |
---------------+-------------------------------------------+-----
Conjurations   | 2 3 4 5 7 9 10 | 10.8
Spellcasting   | 3 4 5 7 8 10 11 | 11.5
Staves         | 1 2 3 4 5 7 8 |  8.7
Fighting       | 1 2 3 4 5 6 7 9 10 | 10.2
Air Magic      | 4 5 6 7 8 9 10 | 10.0
Dodging        | 3 4 5 6 7 8 9 |  9.6
Evocations     | 2 3 4 5 6 8 9 |  9.2
Armour         | 2 3 4 5 |  5.5
Translocations | 1 2 |  2.5
Ice Magic      | 1 3 |  3.0
Stealth        | |  1.7

Action                   |  1- 3 |  4- 6 |  7- 9 | 10-12 | 13-15 || total
-------------------------+-------+-------+-------+-------+-------++-------
Melee: Dagger            |     5 |       |       |       |       ||     5
       Hand axe          |    12 |       |     5 |       |       ||    17
       Staff             |     4 |     2 |    14 |    72 |   162 ||   254
Throw: Stone             |     3 |       |       |       |       ||     3
       Dart              |       |       |     5 |       |       ||     5
 Cast: Shock             |    92 |   111 |   156 |    56 |       ||   415
       Static Discharge  |       |     1 |    28 |    86 |    50 ||   165
       Airstrike         |       |       |    41 |   137 |   170 ||   348
       Lightning Bolt    |       |       |       |    42 |    61 ||   103
 Abil: Hop               |     1 |     1 |       |       |     1 ||     3
Evoke: Wand              |       |       |       |       |     3 ||     3
  Use: Scroll            |       |     3 |     4 |    15 |     5 ||    27
       Potion            |       |       |       |       |     3 ||     3
 Stab: Sleeping          |     1 |       |       |     1 |       ||     2
Armor: Robe              |    26 |     3 |     3 |    18 |       ||    50
       Ring mail         |       |       |       |    14 |   101 ||   115
Dodge: Dodged            |    68 |    23 |    73 |   176 |   210 ||   550

Table legend: (Time is in decaauts)
 A = Elapsed time spent in this place.
 B = Non-inter-level travel time spent in this place.
 C = Inter-level travel time spent in this place.
 D = Time resting spent in this place.
 E = Time spent auto-exploring this place.
 F = Levels seen in this place.
 G = Mean time per level.
                   A        B        C        D        E       F      G
               +--------+--------+--------+--------+--------+-----+--------+
         Total |  31265 |  29665 |   1600 |  13684 |  11556 |  21 | 1488.8 |
       Dungeon |  20216 |  19239 |    977 |   7823 |   8602 |  12 | 1684.7 |
        Temple |    129 |     75 |     54 |      0 |     56 |   1 |  129.0 |
          Lair |   7131 |   6681 |    450 |   3680 |   2114 |   5 | 1426.2 |
  Orcish Mines |   2661 |   2543 |    118 |   1491 |    526 |   2 | 1330.5 |
       Volcano |   1126 |   1126 |      0 |    689 |    257 |   1 | 1126.0 |
               +--------+--------+--------+--------+--------+-----+--------+

Top non-repeatable levels by time:
    D:11: 2747 daAuts
  Lair:3: 2594 daAuts
    D:10: 2552 daAuts
     D:1: 2097 daAuts
     D:6: 1964 daAuts
     D:8: 1959 daAuts
  Lair:4: 1918 daAuts
     D:5: 1912 daAuts
   Orc:2: 1862 daAuts
     D:4: 1753 daAuts
  Lair:1: 1469 daAuts
     D:2: 1455 daAuts
     D:3: 1346 daAuts
     D:9: 1331 daAuts
 Volcano: 1126 daAuts
